 Dungeon Crawl Stone Soup version 0.20-a0-256-gabb291d (webtiles) character file.

90 KristoblXynda the Charmwright (level 4, 0/36 HPs)
             Began as a Centaur Skald on Dec 1, 2016.
             Slain by a gnoll
             ... wielding a +0 flail
              (12 damage)
             ... on level 3 of the Dungeon.
             The game lasted 00:04:16 (2089 turns).

KristoblXynda the Charmwright (Centaur Skald)       Turns: 2089, Time: 00:04:17

Health: 0/36       AC:  5    Str: 15    XL:     4   Next: 32%
Magic:  5/5        EV:  9    Int: 12    God:
Gold:   132        SH:  0    Dex:  8    Spells: 5/6 levels left

rFire  . . .     SeeInvis .     a - +0 spear
rCold  . . .     Gourm    .     b - +0 leather armour
rNeg   . . .     Faith    .     (no shield)
rPois  .         Spirit   .     (no helmet)
rElec  .         Reflect  .     (no cloak)
rCorr  .         Harm     .     e - +0 pair of gloves
MR     .....     Clarity  +     (no barding)
Stlth  ..........               (no amulet)
                                (no ring)
                                (no ring)

@: very quick
A: hooves 3, clarity, deformed body, deterioration 1, speed 2, low mp 1, tough
skin 3
a: no special abilities


You were on level 3 of the Dungeon.
You were not hungry.

You visited 1 branch of the dungeon, and saw 3 of its levels.

You collected 132 gold pieces.

Inventory:

Hand Weapons
 a - a +0 spear (weapon)
Armour
 b - a +0 leather armour (worn)
 e - a +0 pair of gloves (worn)
Jewellery
 l - an uncursed amulet of harm {unknown}
Scrolls
 g - 4 scrolls of identify {unknown}
 h - a scroll of immolation {unknown}
 i - a scroll of recharging {unknown}
 k - a scroll of teleportation {unknown}
 m - a scroll of enchant armour {unknown}
 o - a scroll of fog {unknown}
Books
 c - a book of Battle

   Spells                             Type                      Level
   a - Infusion                       Charms                       1
   b - Shroud of Golubria             Charms/Translocation         2
   c - Song of Slaying                Charms                       2
   d - Spectral Weapon                Hexes/Charms                 3
   e - Regeneration                   Charms/Necromancy            3
Comestibles
 d - 2 bread rations
 f - 10 chunks of flesh
 j - 4 fruits


   Skills:
 - Level 2.0 Fighting
 + Level 2.8 Polearms
 - Level 1.2 Armour
 + Level 1.2 Dodging
 - Level 1.5 Spellcasting
 + Level 3.6 Charms


You had 5 spell levels left.
You knew the following spells:

 Your Spells              Type           Power        Failure   Level  Hunger
a - Infusion              Chrm           #...         12%         1    ##.....


Dungeon Overview and Level Annotations

Branches:
Dungeon (3/15)

Altars:
Elyvilon

Annotations:
D:3 Soeti's ghost, amateur OpAs


Innate Abilities, Weirdness & Mutations

You have hooves in place of feet.
Armour fits poorly on your strangely shaped body.
You cover ground very quickly.
You have extremely tough skin. (AC +3)
You possess an exceptional clarity of mind.
Your body sometimes deteriorates upon taking damage.
Your magical capacity is low. (-10% MP)


Message History

Aim: a gnoll, wielding a flail You barely miss the gnoll.
The gnoll shouts! x2
The gnoll barely misses you.
You hit the gnoll. Your kick misses the gnoll.
The gnoll is lightly wounded.
The gnoll hits you with a flail.
The orc wizard shouts!
You hit the gnoll but do no damage. You kick the gnoll.
The gnoll is heavily wounded.
The gnoll hits you but does no damage.
You barely miss the gnoll.
The gnoll is heavily wounded.
The gnoll barely misses you.
You closely miss the gnoll.
The gnoll is heavily wounded.
The gnoll barely misses you.
You hit the gnoll but do no damage. Your kick misses the gnoll.
Soeti's ghost barely misses you. The gnoll hits you with a flail!
You die...

...............'..# ######
#####..........##.# #....#
#..........##'####....#######
#....[######....##....)......
#.....# #....##...........
......... +(...')....†......
##≈≈.≈≈### #....##...........
#g≈.≈g# #.W..##...W.......
#≈≈.≈≈# #@g..######....###
#.gg..# #..))# #.....# #..†.#
#..)o.## ###..>.. #......#
#.#### ######.## #.# #...#
#.##.[ #.<.# #..... #...#
#...[.


You could see an orc wizard, Soeti's ghost and 3 gnolls.

Vanquished Creatures
  An orc wizard (D:3)
  2 oozes
  2 worms
  A dart slug (D:2)
  6 orcs
  6 bats
  4 giant cockroaches
  5 goblins
  7 hobgoblins
  5 kobolds
  A quokka (D:2)
  A ball python (D:3)
  5 frilled lizards
  7 rats
53 creatures vanquished.

Notes
Turn   | Place    | Note
-------+----------+-------------------------------------------
     0 | D:1      | KristoblXynda the Centaur Skald began the quest for the Orb.
     0 | D:1      | Reached XP level 1. HP: 17/17 MP: 3/3
   243 | D:1      | Reached XP level 2. HP: 19/24 MP: 4/4
   290 | D:1      | Reached skill level 1 in Armour
   358 | D:1      | Reached skill level 3 in Charms
   960 | D:1      | Reached XP level 3. HP: 22/29 MP: 5/5
  1223 | D:2      | Found a white marble altar of Elyvilon.
  1509 | D:2      | Reached skill level 1 in Dodging
  1797 | D:3      | Noticed Soeti's ghost (amateur OpAs)
  1803 | D:3      | Gained mutation: You possess an exceptional clarity of mind. [potion of mutation]
  1803 | D:3      | Gained mutation: Your body sometimes deteriorates upon taking damage. [potion of mutation]
  1803 | D:3      | Gained mutation: Your magical capacity is low. (-10% MP) [potion of mutation]
  1954 | D:3      | Reached XP level 4. HP: 25/36 MP: 5/5
  2089 | D:3      | Slain by a gnoll

Vault maps used:
D:1:      minmay_arrival_doors, minmay_hexomino_f4
D:2:      nicolae_overflow_crystal_walls
D:3:      kennysheep_okawaru_gauntlet, dancing_weapons_uskayaw

Skill      XL: |  1  2  3 |
---------------+----------+-----
Polearms       | 2 |  2.8
Armour         | 1 |  1.2
Charms         | 3 |  3.6
Dodging        | 1 |  1.2
Fighting       | |  2.0
Spellcasting   | |  1.5

Action                   |  1- 3 |  4- 6 || total
-------------------------+-------+-------++-------
Melee: Spear             |   187 |    46 ||   233
       Kick              |    32 |     8 ||    40
  Use: Potion            |     5 |       ||     5
  Eat: Chunk             |     2 |     1 ||     3
Armor: Leather armour    |    50 |    16 ||    66
Dodge: Dodged            |    79 |    13 ||    92
